 Dungeon Crawl Stone Soup version 0.20-b1-2-gc5a9893 (webtiles) character file.

301 Jawreze the Quickloader (level 6, -1/36 HPs)
             Began as a Kobold Hunter on May 21, 2017.
             Slain by Pikel
             ... wielding a +1 whip of flaming
              (4 damage)
             ... on level 4 of the Dungeon.
             The game lasted 00:05:58 (2910 turns).

Jawreze the Quickloader (Kobold Hunter)             Turns: 2910, Time: 00:05:58

Health: -1/36      AC:  7    Str:  9    XL:     6   Next: 64%
Magic:  6/6        EV: 15    Int: 15    God:
Gold:   198        SH:  0    Dex: 15    Spells: 5/5 levels left

rFire    . . .     SeeInvis .   a - +1 hand crossbow
rCold    . . .     Gourm    .   (shield restricted)
rNeg     + . .     Faith    .   y - +2 robe {rN+}
rPois    .         Spirit   .   C - +0 helmet
rElec    .         Reflect  .   w - +1 cloak
rCorr    .         Harm     .   (no gloves)
MR       .....                  (no boots)
Stlth    ++........             (no amulet)
Regen    0.2/turn               (no ring)
MPRegen  0.1/turn               (no ring)

@: no status effects
A: carnivore 3
a: no special abilities


You were on level 4 of the Dungeon.
You were completely stuffed.

You visited 1 branch of the dungeon, and saw 4 of its levels.

You collected 198 gold pieces.

Inventory:

Hand Weapons
 a - a +1 hand crossbow (weapon)
 b - a +0 short sword
 F - a +0 hunting sling
Missiles
 d - 17 bolts (quivered)
 D - 21 stones
 E - 16 sling bullets
Armour
 c - a +0 leather armour
 w - a +1 cloak (worn)
 y - a +2 robe of positive energy (worn)
 C - a +0 helmet (worn)
Jewellery
 h - an uncursed ring of magical power {unknown}
 n - a cursed amulet of inaccuracy {unknown}
 u - a cursed amulet of inaccuracy {unknown}
 x - a +2 ring of protection {unknown}
Scrolls
 i - a scroll of teleportation {unknown}
 j - a scroll of magic mapping {unknown}
 m - a scroll of random uselessness {unknown}
 o - 3 scrolls of remove curse {unknown}
 p - a scroll of recharging {unknown}
 r - 3 scrolls of blinking {unknown}
 s - a scroll of identify {unknown}
 v - a scroll of fear {unknown}
Potions
 e - 3 potions of might {unknown}
 g - a potion of resistance {unknown}
 k - 2 potions of heal wounds {unknown}
 l - a potion of mutation {unknown}
 q - a potion of ambrosia {unknown}
 A - 2 potions of haste {unknown}
 B - a potion of agility {unknown}
 G - a potion of invisibility {unknown}
Comestibles
 f - a meat ration
 t - 3 royal jellies


   Skills:
 - Level 2.5 Fighting
 * Level 8.8 Crossbows
 - Level 0.1 Armour
 - Level 2.5 Dodging
 - Level 1.5 Stealth


You had 5 spell levels left.
You didn't know any spells.

Dungeon Overview and Level Annotations

Branches:
Dungeon (4/15)
 Temple: D:4-7

Altars:
Gozag

Annotations:
D:4 Pikel


Innate Abilities, Weirdness & Mutations

You are small and have problems with some larger weapons.
You are carnivorous and can eat meat at any time.


Message History

Aim: Pikel, wielding a whip of flaming and wearing a robe (heavily wounded)
You shoot a bolt. The bolt hits Pikel.
Pikel is heavily wounded.
Pikel hits you with a whip of flaming! Pikel burns you.
Firing (i - inventory. (,) - cycle):
d - 19 bolts (quivered)
Press: ? - help, Shift-Dir - straight line, f/p - Pikel
Aim: Pikel, wielding a whip of flaming and wearing a robe (heavily wounded)
You shoot a bolt. The bolt hits Pikel.
Pikel is heavily wounded.
Pikel hits you with a whip of flaming!
* * * LOW HITPOINT WARNING * * *
Pikel burns you.
* * * LOW HITPOINT WARNING * * *
Firing (i - inventory. (,) - cycle):
d - 18 bolts (quivered)
Press: ? - help, Shift-Dir - straight line, f/p - Pikel
Aim: Pikel, wielding a whip of flaming and wearing a robe (heavily wounded)
You shoot a bolt. The bolt hits Pikel!
Pikel is severely wounded.
Pikel hits you with a whip of flaming.
You die...

#...#.. ...###
...P. .... ...
#..
##########.#
#..
+......((((#
##. #....@K# #.
#......###+####
##
#.............#
#
#.............#
#
###...........#
#...........#
#...........#
########'####
#[# ##


You could see Pikel.

Vanquished Creatures
  The ghost of Jawreze the Quickloader, an amateur KoHu (D:3)
  4 slaves (D:4)
  A hound (D:4)
  An orc priest (D:3)
  Terence (D:3)
  2 adders (D:2)
  3 worms
  3 dart slugs
  4 leopard geckos
  6 orcs
  2 giant cockroaches
  9 hobgoblins
  2 quokkas (D:2)
  A ball python (D:1)
  8 bats
  2 frilled lizards
  8 goblins
  8 kobolds
  6 rats
72 creatures vanquished.

Notes
Turn   | Place    | Note
-------+----------+-------------------------------------------
     0 | D:1      | Jawreze the Kobold Hunter began the quest for the Orb.
     0 | D:1      | Reached XP level 1. HP: 12/12 MP: 1/1
    63 | D:1      | Reached skill level 5 in Crossbows
   182 | D:1      | Reached XP level 2. HP: 17/17 MP: 2/2
   431 | D:1      | Reached XP level 3. HP: 21/21 MP: 3/3
  1137 | D:2      | Reached skill level 6 in Crossbows
  1155 | D:2      | Reached XP level 4. HP: 24/27 MP: 4/4
  1756 | D:3      | Noticed Jawreze's ghost (amateur KoHu)
  1766 | D:3      | Killed Jawreze's ghost
  1766 | D:3      | Reached skill level 7 in Crossbows
  1766 | D:3      | Reached XP level 5. HP: 17/31 MP: 5/5
  1771 | D:3      | Reached XP level 6. HP: 21/36 MP: 6/6
  2168 | D:3      | Reached skill level 8 in Crossbows
  2263 | D:3      | Noticed Terence
  2271 | D:3      | Killed Terence
  2707 | D:4      | Found an opulent altar of Gozag.
  2746 | D:4      | Noticed a slave
  2747 | D:4      | Noticed a slave
  2748 | D:4      | Noticed a slave
  2753 | D:4      | Noticed a slave
  2754 | D:4      | Killed a slave
  2764 | D:4      | Killed a slave
  2768 | D:4      | Killed a slave
  2777 | D:4      | Killed a slave
  2890 | D:4      | Noticed Pikel
  2910 | D:4      | Slain by Pikel

Skill      XL: |  1  2  3  4  5  6 |
---------------+-------------------+-----
Crossbows      | 5 6 7 8 |  8.8
Fighting       | |  2.5
Armour         | |  0.1
Dodging        | |  2.5
Stealth        | |  1.5

Action                   |  1- 3 |  4- 6 || total
-------------------------+-------+-------++-------
 Fire: Hand crossbow     |    51 |   147 ||   198
       Hunting sling     |       |     2 ||     2
  Eat: Chunk             |     9 |     5 ||    14
Armor: Leather armour    |     3 |     4 ||     7
       Robe              |       |     7 ||     7
Dodge: Dodged            |     9 |    50 ||    59
